 Dungeon Crawl Stone Soup version 0.31-a0-960-g0fca184906 (webtiles) character file.

Game seed: 9572885790743578097

2 mightbedylan the Sneak (level 1, 0/1 HPs)
             Began as a Spriggan Venom Mage on Oct 23, 2023.
             Slain by a bat (1 damage)
             ... on level 1 of the Dungeon.
             The game lasted 00:02:22 (125 turns).

mightbedylan the Sneak (Spriggan Venom Mage)         Turns: 125, Time: 00:02:23

Health: 0/1        AC:  0    Str:  4    XL:     1   Next: 25%
Magic:  5/5        EV: 17    Int: 16    God:
Gold:   41         SH:  0    Dex: 15    Spells: 4/5 levels left

rFire   . . .        (weapon restricted)
rCold   . . .        (no shield)
rNeg    . . .        a - melded +0 robe
rPois   .            (helmet restricted)
rElec   .            (no cloak)
rCorr   .            (gloves unavailable)
SInv    +            (boots unavailable)
Will    .....        (no amulet)
Stlth   ++           (no ring)
HPRegen 0.20/turn    (no ring)
MPRegen 0.09/turn

%: no passive effects
@: maw-form, very quick
A: devouring maw, reduced hp, very small, no large weapons, unfitting armour,
see invisible, speed 3
a: Begin Untransformation


You were on level 1 of the Dungeon.
You were a creature with a mouth for a stomach.
You visited 1 branch of the dungeon, and saw 1 of its levels.

You collected 41 gold pieces.

Inventory:

Armour
 a - a +0 robe (melded)
Talismans
 d - a maw talisman (active)
Scrolls
 e - a scroll of amnesia {unknown}
 f - a scroll of teleportation {unknown}
Potions
 b - a potion of magic
 c - a potion of curing {unknown}


   Skills:
 - Level 2.6 Dodging
 + Level 3.0 Stealth
 * Level 2.7 Spellcasting
 - Level 1.3 Transmutations
 * Level 3.0 Poison Magic
 * Level 0.2 Shapeshifting


You had 4 spell levels left.
You knew the following spells:

 Your Spells              Type           Power      Damage    Failure   Level
a - Sting                 Tmut/Pois      36%        1d4       8%          1

Your spell library contained the following spells:

 Spells                   Type           Power      Damage    Failure   Level
 Poisonous Vapours        Pois/Air       14%        N/A       16%         2
 Mephitic Cloud           Conj/Pois/Air  5%         N/A       36%         3
 Dazzling Flash           Conj/Hex       4%         N/A       50%         3
 Volatile Blastmotes      Fire/Tloc      4%         2d10      50%         3
 Olgreb's Toxic Radiance  Pois           11%        N/A       50%         4
 Starburst                Conj/Fire      1%         6d3       100%        6
 Maxwell's Capacitive Co  Air            1%         ∞         100%        8


Dungeon Overview and Level Annotations

Branches:
Dungeon (1/15)

Altars:


Innate Abilities, Weirdness & Mutations

You are a creature with a mouth for a stomach.
Your midsection houses a second, enormous mouth.
Your maximum health is decreased, since you lack skill for your form.
You are very small and have problems with some larger weapons.
You are too small for most types of armour.
You have supernaturally acute eyesight. (SInv)
You cover ground extremely quickly. (Speed+++)


Message History

Magic restored.
You now have 24 gold pieces (gained 14).
You see here a +0 dagger.
Found a stone staircase leading down.
You now have 29 gold pieces (gained 5).
You see here a +0 helmet.
You now have 41 gold pieces (gained 12).
A ball python comes into view.
A ball python is nearby!
The ball python hisses angrily.
Casting: Sting (safe; 8% risk of failure)
Confirm with . or Enter, or press ? or * to list all spells.
Aiming: Sting (safe; 8% risk of failure)
Press: ? - help, Shift-Dir - straight line, f - ball python
Aim: a ball python (64% to hit)
The sting hits the ball python.
The ball python is poisoned.
The ball python is severely wounded.
You kill the ball python!
You see here a ball python corpse.
A bat comes into view.
A bat comes into view.
Casting: Sting (safe; 8% risk of failure)
Confirm with . or Enter, or press ? or * to list all spells.
You can't see any susceptible monsters within range! (Use Z to cast anyway.)
Aiming: Sting (safe; 8% risk of failure)
Press: ? - help, Q - select action Shift-Dir - straight line, f - you
Okay, then.
Aiming: Sting (safe; 8% risk of failure)
Press: ? - help, Q - select action Shift-Dir - straight line, f - bat
Aim: a bat (52% to hit)
Out of range.
Okay, then.
You hit the bat. Your bite misses the bat.
The bat is moderately wounded.
The bat completely misses you. x2
You hit the bat. You bite the bat.
The bat is severely wounded.
The bat hits you.
Ouch! That really hurt!
You die...

#......... #..
#......... # #.#
#......... #.#.##
#..♣...... .#b.
#♣......⌠. ...
#......... #.#
##.♣..)...
...####.############♣...
#.....W........##.##...
...####b#######.##.###..
#.# #†##.##∩.. #..
#.##...### ### #
#.##..####
#)###.##....##
#.............
####..#####.## #.## #.#


You could see 2 bats.

Vanquished Creatures
  A goblin (D:1)
  A ball python (D:1)
2 creatures vanquished.

Notes
Turn   | Place    | Note
-------+----------+-------------------------------------------
     0 | D:1      | mightbedylan the Spriggan Venom Mage began the quest for
                  | the Orb.
     0 | D:1      | Reached XP level 1. HP: 9/9 MP: 5/5
   125 | D:1      | Slain by a bat

Illustrated notes

Levels and vault maps discovered:
D:1:      nzn_arrival_settlement, layout_loops_ring

Action                     || total
---------------------------++-------
  Melee: Unarmed           ||     2
         Maw               ||     1
   Cast: Sting             ||     2
 Armour: Skin              ||     1
  Dodge: Dodged            ||     2
   Form: Maw               ||     1

Table legend: (Time is in decaauts)
 A = Elapsed time spent in this place.
 B = Non-inter-level travel time spent in this place.
 C = Inter-level travel time spent in this place.
 D = Time resting spent in this place.
 E = Time spent auto-exploring this place.
 F = Levels seen in this place.
 G = Mean time per level.
                   A        B        C        D        E       F      G
               +--------+--------+--------+--------+--------+-----+--------+
         Total |     90 |     90 |      0 |      0 |     63 |   1 |   90.0 |
       Dungeon |     90 |     90 |      0 |      0 |     63 |   1 |   90.0 |
               +--------+--------+--------+--------+--------+-----+--------+

Top non-repeatable levels by time:
     D:1: 90 daAuts
